 Dungeon Crawl Stone Soup version 0.18.1-47-g9310371 (webtiles) character file.

164 spiff the Shooter (level 5, -1/25 HPs)
             Began as a Spriggan Arcane Marksman on June 23, 2016.
             Slain by an orc wizard
             ... wielding a +0 dagger
              (2 damage)
             ... on level 2 of the Dungeon.
             The game lasted 00:12:35 (4071 turns).

spiff the Shooter (Spriggan Arcane Marksman)        Turns: 4071, Time: 00:12:36

Health: -1/25      AC:  4    Str:  7    XL:     5   Next: 21%
Magic:  7/8        EV: 18    Int: 14    God:
Gold:   96         SH:  0    Dex: 17    Spells: 1 memorised, 5 levels left

rFire  . . .     SeeInvis +     j - +0 whip
rCold  . . .     Gourm    .     b - +1 robe
rNeg   . . .     Faith    .     (shield restricted)
rPois  .         Spirit   .     (helmet restricted)
rElec  .         Dismiss  .     g - +0 cloak
rCorr  .         Reflect  .     (gloves unavailable)
SustAt .         Harm     .     (boots unavailable)
MR     .....                    (no amulet)
Stlth  ++........               (no ring)
                                (no ring)

@: very quick, not resistant to hostile enchantments, unstealthy
A: unfitting armour, see invisible, herbivore 3, speed 3, slow metabolism 2
a: no special abilities


You were on level 2 of the Dungeon.
You were not hungry.

You visited 1 branch of the dungeon, and saw 3 of its levels.

You collected 96 gold pieces.

Inventory:

Hand Weapons
 a - a +0 shortbow
 j - a +0 whip (weapon)
Missiles
 d - 3 arrows
 h - 4 tomahawks (quivered)
 i - 16 stones
Armour
 b - a +1 robe (worn)
 g - a +0 cloak (worn)
Potions
 e - a potion of cancellation
Books
 c - a book of Debilitation

   Spells                             Type                      Level
   a - Corona                         Hexes                        1
   b - Slow                           Hexes                        2
   c - Gell's Gravitas                Hexes/Translocation          3
   d - Inner Flame                    Hexes/Fire                   3
   e - Cause Fear                     Hexes                        4
   f - Leda's Liquefaction            Hexes/Earth                  4


   Skills:
 - Level 0.7 Fighting
   Level 1.3 Short Blades
 + Level 6.3 Bows
 - Level 3.0 Dodging
 - Level 1.3 Spellcasting
 - Level 3.6 Hexes


You had 5 spell levels left.
You knew the following spells:

 Your Spells              Type           Power        Failure   Level  Hunger
a - Corona                Hex            ##.....      10%         1    ##.....


Dungeon Overview and Level Annotations

Branches:
Dungeon (3/15)

Altars:


Innate Abilities, Weirdness & Mutations

You are tiny and cannot use many weapons and most armour.
You have supernaturally acute eyesight.
You are a herbivore.
You cover ground extremely quickly.
You need consume almost no food.


Message History

You barely miss the orc wizard.
The orc wizard is heavily wounded.
The orc wizard hits you but does no damage.
Casting: Corona
Confirm with . or Enter, or press ? or * to list all spells.
Aiming: Corona
Press: ? - help, Shift-Dir - straight line, f/p - orc wizard
Aim: an orc wizard, wielding a dagger and wearing a robe (heavily wounded, fast, chance to defeat MR: 47%)
The orc wizard is outlined in light.
The orc wizard points at you and mumbles some strange words.
The magic dart hits you!
* * * LOW HITPOINT WARNING * * *
The orc wizard completely misses you.
You closely miss the orc wizard.
The orc wizard is moderately wounded.
The orc wizard completely misses you. The orc wizard closely misses you.
You completely miss the orc wizard.
The orc wizard is moderately wounded.
The orc wizard hits you with a dagger.
You die...

#. #......#....#.# #.....#
#.######'###..g.#.# #.)...#
#..........#....#.# #..#.#.
#..........#....#.# #......
####..........#....# #..#.#.
#.........#'######.#.###......
#.....###.#.#### #o#......#.#.
#.........#.#..# #)#####.#....
#......##.#[#@o###.# #.##.#.
#.(......[....[....# #.#....
#..(...#####.####..# #.##.#.
#......# #...#.....#####.#....
####.<.###'###.#.........##.#.
#...##......#########....w.
######.............w...#.#.
#.....##########....).
##'###)..#.....#..#.#.


You could see an orc wizard.

Vanquished Creatures
  Natasha (D:3)
  2 orc wizards (D:2)
  A gnoll (D:1)
  2 adders (D:2)
  A worm (D:3)
  A dart slug (D:2)
  3 giant geckos
  3 orcs
  A ball python (D:1)
  8 bats
  2 giant cockroaches (D:1)
  7 goblins
  6 hobgoblins
  2 jackals
  4 kobolds
  2 quokkas (D:2)
  4 giant newts
  3 rats
53 creatures vanquished.

Notes
Turn   | Place    | Note
--------------------------------------------------------------
     0 | D:1      | spiff the Spriggan Arcane Marksman began the quest for the Orb.
     0 | D:1      | Reached XP level 1. HP: 9/9 MP: 3/3
    91 | D:1      | Reached skill level 3 in Bows
   135 | D:1      | Reached XP level 2. HP: 12/14 MP: 5/5
   335 | D:1      | Reached skill level 4 in Bows
   752 | D:1      | Reached XP level 3. HP: 15/17 MP: 6/6
  1703 | D:2      | Reached skill level 5 in Bows
  1988 | D:2      | Reached skill level 1 in Short Blades
  2066 | D:2      | Reached XP level 4. HP: 18/21 MP: 5/7
  3098 | D:3      | Noticed Natasha
  3113 | D:3      | Killed Natasha
  3704 | D:2      | Reached skill level 6 in Bows
  3704 | D:2      | Reached XP level 5. HP: 9/25 MP: 3/8
  4069 | D:2      | HP: 1/25 [orc wizard/magic dart (9)]
  4071 | D:2      | Slain by an orc wizard

Skill      XL: |  1  2  3  4 |
---------------+-------------+-----
Bows           | 3 4 5 6 |  6.3
Short Blades   | 1 |  1.3
Fighting       | |  0.7
Dodging        | |  3.0
Spellcasting   | |  1.3
Hexes          | |  3.6

Action                   |  1- 3 |  4- 6 || total
-------------------------+-------+-------++-------
Melee: Club              |    27 |       ||    27
       Whip              |    47 |    58 ||   105
       Dagger            |    50 |    91 ||   141
 Fire: Shortbow          |    33 |    25 ||    58
Throw: Tomahawk          |    17 |    15 ||    32
 Cast: Corona            |     1 |    35 ||    36
  Use: Scroll            |     5 |     4 ||     9
 Stab: Sleeping          |     4 |       ||     4
  Eat: Bread ration      |       |     1 ||     1
Armor: Robe              |    20 |    26 ||    46
Dodge: Dodged            |   159 |   182 ||   341
